 Dungeon Crawl Stone Soup version 0.27-a0-1200-g94dc6ad4cf (webtiles) character file.

Game seed: 8513379644058260391

2 polve the Skirmisher (level 1, 0/18 HPs)
             Began as a Demonspawn Abyssal Knight on June 1, 2021.
             Was an Initiate of Lugonu.
             Slain by a rat (1 damage)
             ... on level 1 of the Dungeon.
             The game lasted 00:00:28 (386 turns).

polve the Skirmisher (Demonspawn Abyssal Knight)     Turns: 386, Time: 00:00:29

Health: 0/18       AC:  3    Str: 12    XL:     1   Next: 25%
Magic:  2/2        EV: 11    Int: 13    God:    Lugonu [......]
Gold:   28         SH:  0    Dex: 12    Spells: 0/0 levels left

rFire    . . .     SeeInvis .   a - +1 short sword
rCold    . . .     Faith    .   (no shield)
rNeg     . . .     Spirit   .   b - +0 leather armour
rPois    .         Reflect  .   (no helmet)
rElec    .         Harm     .   (no cloak)
rCorr    .         Rampage  .   (no gloves)
Will     .....                  (no boots)
Stlth    +.........             (no amulet)
HPRegen  0.06/turn              (no ring)
MPRegen  0.08/turn              (no ring)

@: no status effects
A: no striking features
a: Renounce Religion


You were on level 1 of the Dungeon.
You worshipped Lugonu.
Lugonu was noncommittal.
You visited 1 branch of the dungeon, and saw 1 of its levels.
You visited the Abyss 1 time.

You collected 28 gold pieces.

Inventory:

Hand Weapons
 a - a +1 short sword (weapon)
Armour
 b - a +0 leather armour (worn)


   Skills:
 - Level 3.0 Fighting
 + Level 2.0 Short Blades
 - Level 1.7 Armour
 - Level 0.8 Dodging
 - Level 2.4 Invocations


You couldn't memorise any spells.
You didn't know any spells.
Your spell library was empty.

Dungeon Overview and Level Annotations

Branches:
Dungeon (1/15)

Altars:


Message History

The ball python bites you. The ball python constricts you.
You barely miss the ball python.
The ball python bites you but does no damage.
The ball python constricts you. The rat bites you.
You closely miss the ball python. The ball python barely misses you.
The ball python constricts you. The rat bites you.
You hit the ball python.
The ball python is severely wounded.
The ball python bites you. The ball python constricts you.
The rat barely misses you. The ball python bites you.
The ball python constricts you.
You hit the ball python.
You kill the ball python!
Lugonu accepts your kill. The bat closely misses you. The rat bites you.
* * * LOW HITPOINT WARNING * * *
You hit the bat but do no damage. The bat closely misses you.
The rat barely misses you.
You barely miss the bat. The bat hits you.
* * * LOW HITPOINT WARNING * * *
The bat closely misses you. The rat closely misses you.
You hit the bat.
The bat is severely wounded.
The bat hits you.
* * * LOW HITPOINT WARNING * * *
The bat hits you but does no damage. The rat bites you but does no damage.
You hit the bat but do no damage.
The bat is severely wounded.
The bat misses you. x2; The rat barely misses you.
You swing at nothing.
The bat hits you.
* * * LOW HITPOINT WARNING * * *
The rat closely misses you.
You hit the bat.
You kill the bat!
Lugonu accepts your kill. The bat closely misses you.
The rat bites you but does no damage.
Your Short Blades skill increases to level 2!
You swing at nothing.
The bat closely misses you. The rat barely misses you.
You swing at nothing.
The bat hits you but does no damage. The rat bites you.
You die...

..... .......
#...... #......
.......##
#......# .
#.....b#####...#
#......†@r....#
#....!.######.#
#........#
##########..#
##≈≈≈≈≈≈≈≈.8.#
#≈≈.....≈≈≈.##
#≈..≈≈≈..≈≈.#
#..≈≈≈≈≈..≈.#
#.≈≈...≈≈.≈.+


You could see a bat and a rat.

Vanquished Creatures
  A bat (D:1)
  A ball python (D:1)
2 creatures vanquished.

Notes
Turn   | Place    | Note
-------+----------+-------------------------------------------
     0 | Abyss:1  | polve the Demonspawn Abyssal Knight began the quest for the
                  | Orb.
     0 | Abyss:1  | Reached XP level 1. HP: 18/18 MP: 2/2
    50 | Abyss:1  | Noticed a neqoxec
    67 | Abyss:1  | Noticed an ancient zyme
    80 | D:1      | Escaped the Abyss
   386 | D:1      | Slain by a rat

Illustrated notes

Levels and vault maps discovered:
D:1:      psy_arrival_whirlpool, layout_loops_ring, serial_forest,
          infiniplex_forest_lined_room_3, infiniplex_forest_straight_2,
          infiniplex_forest_corner_2, infiniplex_forest_clump_diagonal,
          infiniplex_forest_straight_2, shapermc_ecumenical_altar_mp_vishouse

Skill      XL: |  1 |
---------------+----+-----
Short Blades   | 2 |  2.0
Fighting       | |  3.0
Armour         | |  1.7
Dodging        | |  0.8
Invocations    | |  2.4

Action                   || total
-------------------------++-------
Melee: Short sword       ||    15
Invok: Depart the Abyss  ||     1
Armor: Leather armour    ||    15
Dodge: Dodged            ||    26

Table legend: (Time is in decaauts)
 A = Elapsed time spent in this place.
 B = Non-inter-level travel time spent in this place.
 C = Inter-level travel time spent in this place.
 D = Time resting spent in this place.
 E = Time spent auto-exploring this place.
 F = Levels seen in this place.
 G = Mean time per level.
                   A        B        C        D        E       F      G
               +--------+--------+--------+--------+--------+-----+--------+
         Total |    390 |    390 |      0 |      0 |    329 |   2 |  195.0 |
       Dungeon |    306 |    306 |      0 |      0 |    280 |   1 |  306.0 |
         Abyss |     83 |     83 |      0 |      0 |     49 |   1 |   83.0 |
               +--------+--------+--------+--------+--------+-----+--------+

Top non-repeatable levels by time:
     D:1: 306 daAuts
 Abyss:1: 83 daAuts
